 Dungeon Crawl Stone Soup version 0.25-a0-502-g6516661a7a (webtiles) character file.

Game seed: 15117205895163380881, levelgen mode: deterministic

2115 mopl the Digger (level 9, -5/57 HPs)
             Began as a Demonspawn Earth Elementalist on Feb 12, 2020.
             Was a Follower of Dithmenos.
             Slain by a killer bee (8 damage)
             ... on level 7 of the Dungeon.
             The game lasted 00:12:35 (7183 turns).

mopl the Digger (Demonspawn Earth Elementalist)     Turns: 7183, Time: 00:12:35

Health: -5/57      AC:  7    Str:  8    XL:     9   Next: 8%
Magic:  0/17       EV: 11    Int: 17    God:    Dithmenos [*.....]
Gold:   54         SH:  3    Dex: 14    Spells: 4/19 levels left

rFire    + . .     SeeInvis +   a - +0 dagger (venom)
rCold    + . .     Gourm    .   n - +0 buckler
rNeg     . . .     Faith    .   B - +2 robe {MR+}
rPois    +         Spirit   .   E - +1 hat of the Many Dreams {rPois rF+ Regen+ Int-3}
rElec    .         Reflect  .   (no cloak)
rCorr    .         Harm     .   (no gloves)
MR       +....                  (no boots)
Stlth    +++.......             (no amulet)
HPRegen  0.59/turn              (no ring)
MPRegen  0.15/turn              e - ring of see invisible

@: very slightly contaminated, hasted, wreathed by umbra, very quick
A: claws 1, icy blue scales 1, cold resistance 1, rot immunity
a: Renounce Religion


You were on level 7 of the Dungeon.
You worshipped Dithmenos.
Dithmenos was aware of your devotion.
You were very hungry.

You visited 2 branches of the dungeon, and saw 10 of its levels.

You collected 387 gold pieces.
You spent 333 gold pieces at shops.

Inventory:

Hand Weapons
 a - a +0 dagger of venom (weapon)
 w - a +0 antimagic spear
 A - the +3 short sword of a volcano {speed, MR+}
   (You found it on level 5 of the Dungeon)

   Attacks with this weapon are significantly faster.
   It affects your resistance to hostile enchantments.
Missiles
 b - 137 stones
 q - 33 poisoned darts (quivered)
 x - 7 datura-tipped darts
Armour
 n - a +0 buckler (worn)
 v - a cursed +0 kite shield
 B - a +2 robe of magic resistance (worn)
 E - the +1 hat of the Many Dreams (worn) {rPois rF+ Regen+ Int-3}
   (You bought it in a shop on level 6 of the Dungeon)

   It affects your intelligence (-3).
   It protects you from fire.
   It protects you from poison.
   It increases your rate of regeneration.
   If you remove this armour, your AC will decrease by 1 (7 -> 6).
Jewellery
 e - a ring of see invisible (right claw)
Wands
 k - a wand of random effects (20)
Scrolls
 g - a scroll of magic mapping {unknown}
 h - 4 scrolls of teleportation
 i - 2 scrolls of noise {unknown}
 m - a scroll of fear {unknown}
 o - 3 scrolls of enchant weapon {unknown}
 r - 3 scrolls of immolation {unknown}
 s - a scroll of identify
 u - a scroll of fog {unknown}
 y - a scroll of remove curse
 z - a scroll of blinking {unknown}
 C - 3 scrolls of enchant armour {unknown}
 F - a scroll of amnesia {unknown}
Potions
 j - 4 potions of might
 l - a potion of agility
 p - 3 potions of haste
 t - 2 potions of heal wounds
 D - a potion of cancellation
Comestibles
 c - 14 rations
 d - 3 chunks of flesh


   Skills:
 + Level 2.3 Short Blades
 - Level 1.7 Dodging
 + Level 3.5 Stealth
 + Level 5.7 Spellcasting
 - Level 3.2 Conjurations
 + Level 4.2 Transmutations
 * Level 6.7 Earth Magic
 + Level 3.3 Invocations


You had 4 spell levels left.
You knew the following spells:

 Your Spells              Type           Power        Failure   Level  Hunger
a - Sandblast             Erth           ####..       1%          1    None
b - Stone Arrow           Conj/Erth      ###...       9%          3    ##.....
c - Petrify               Tmut/Erth      ###.....     22%         4    ####...
k - Lee's Rapid Deconstr  Erth           ####......   36%         5    ######.
p - Passwall              Tmut/Erth      ###.....     3%          2    #......

Your spell library contained the following spells:

 Spells                   Type           Power        Failure   Level  Hunger
 Summon Butterflies       Summ           #.......     22%         1    None
 Summon Small Mammal      Summ           #...         22%         1    None
 Call Imp                 Summ           #.......     32%         2    #......
 Call Canine Familiar     Summ           #.......     54%         3    ##.....
 Summon Guardian Golem    Hex/Summ       #.......     54%         3    ##.....
 Summon Ice Beast         Ice/Summ       #.......     91%         4    ####...
 Summon Lightning Spire   Summ/Air       #.......     91%         4    ####...
 Summon Mana Viper        Hex/Summ       #.......     99%         5    ######.
 Summon Hydra             Summ           #.........   100%        7    #######


Dungeon Overview and Level Annotations

Branches:
Dungeon (9/15)             Temple (1/1) D:5
   Lair: D:8-11         Orc: D:9-12

Altars:
Dithmenos
Elyvilon
Fedhas
Gozag
Hepliaklqana
Kikubaaqudgha
Makhleb
Okawaru
Ru
Sif Muna
Trog
Uskayaw
Vehumet
Wu Jian
Xom
Zin
The Shining One
Jiyva

Shops:
D:6 *


Innate Abilities, Weirdness & Mutations

You have sharp fingernails.
You are partially covered in icy blue scales. (AC +2)
Your flesh is cold resistant. (rC+)
You are immune to rotting.


Message History

* * * LOW HITPOINT WARNING * * *
You feel better. The killer bee stings you.
* * * LOW HITPOINT WARNING * * *
Casting: Sandblast (safe; 1% risk of failure)
Confirm with . or Enter, or press ? or * to list all spells.
Aiming: Sandblast (safe; 1% risk of failure)
Press: ? - help, Shift-Dir - straight line, f - killer bee
Aim: a killer bee (umbra)
The blast of sand hits the killer bee.
The killer bee is lightly wounded.
b - 137 stones The killer bee stings you.
* * * LOW HITPOINT WARNING * * *
Unknown command.
You block the killer bee's attack. The killer bee misses you.
The killer bee stings you.
* * * LOW HITPOINT WARNING * * *
The killer bee stings you!
You die...

....##.####........
#..#..####.#####.
#.....###....... ####...........#
#. ####......#..# #. #..##..##..#
#. #..###..##.###### . #.
##y##...........#.# ##.
##@##............. ###..##
####..##..........# #.....#
##.....##........÷.#
#....÷#####..###..#..........# .
#>......<....................##.
#.....###.#########.............#
#.....# #.# ##..........####
####### #.# #...........####
....# #.# #.................


You could see a killer bee.

Vanquished Creatures
  Grinder (D:5)
  An orc warrior (D:6)
  3 sky beasts
  3 ice beasts
  3 centaurs
  Blork the orc (D:5)
  2 bullfrogs
  A killer bee (D:7)
  A howler monkey (D:6)
  2 crimson imps
  3 hounds
  A bullfrog skeleton (D:5)
  4 orc wizards
  6 worker ants
  A killer bee zombie (D:6)
  A hound skeleton (D:5)
  3 worker ant zombies
  7 gnolls
  6 adders
  A howler monkey skeleton (D:5)
  A shadow imp (D:7)
  3 oozes
  3 worms
  2 dart slugs (D:2)
  2 leopard geckos
  15 orcs
  5 bats
  12 giant cockroaches (D:3)
  7 goblins
  2 hobgoblins (D:2)
  9 jackals
  12 kobolds
  4 quokkas
  A frilled lizard (D:6)
  A leopard gecko skeleton (D:7)
  2 quokka skeletons
  6 rats
138 creatures vanquished.

Notes
Turn   | Place    | Note
-------+----------+-------------------------------------------
     0 | D:1      | mopl the Demonspawn Earth Elementalist began the quest for
                  | the Orb.
     0 | D:1      | Reached XP level 1. HP: 13/13 MP: 3/3
   145 | D:1      | Reached skill level 3 in Earth Magic
   145 | D:1      | Gained mutation: You have sharp fingernails. [demonic
                  | ancestry]
   145 | D:1      | Reached XP level 2. HP: 17/19 MP: 5/5
   534 | D:1      | Learned a level 2 spell: Passwall
  1007 | D:2      | Reached XP level 3. HP: 6/24 MP: 7/7
  1446 | D:2      | Learned a level 3 spell: Stone Arrow
  1492 | D:2      | Reached skill level 3 in Spellcasting
  1711 | D:2      | Found a bloodstained altar of Trog.
  2063 | D:2      | Reached XP level 4. HP: 30/30 MP: 8/8
  2386 | D:3      | Reached skill level 4 in Earth Magic
  2881 | D:3      | Found a hide-covered altar of Uskayaw.
  2966 | D:3      | Gained mutation: You are partially covered in icy blue
                  | scales. (AC +2) [demonic ancestry]
  2966 | D:3      | Reached XP level 5. HP: 29/35 MP: 10/10
  2984 | D:3      | Learned a level 4 spell: Petrify
  3036 | D:4      | Found an iron altar of Okawaru.
  3119 | D:4      | Reached skill level 1 in Transmutations
  3746 | D:5      | Entered Level 5 of the Dungeon
  3778 | D:5      | Reached skill level 1 in Conjurations
  3909 | D:5      | Reached skill level 4 in Spellcasting
  3909 | D:5      | Gained mutation: Your flesh is cold resistant. (rC+)
                  | [demonic ancestry]
  3909 | D:5      | Reached XP level 6. HP: 34/41 MP: 5/12
  3977 | D:5      | Found an ornate altar of the Wu Jian Council.
  3977 | D:5      | Noticed a sky beast
  3991 | D:5      | Killed a sky beast
  3991 | D:5      | Reached skill level 2 in Transmutations
  3994 | D:5      | Reached skill level 2 in Conjurations
  4079 | D:5      | Got a smoking short sword
  4080 | D:5      | Identified the +3 short sword of a volcano {speed, MR+}
                  | (You found it on level 5 of the Dungeon)
  4131 | D:5      | Reached XP level 7. HP: 11/46 MP: 8/13
  4531 | D:5      | Noticed Blork the orc
  4544 | D:5      | Killed Blork the orc
  4544 | D:5      | Reached skill level 5 in Earth Magic
  4595 | D:5      | Found a radiant altar of Vehumet.
  4882 | D:5      | Noticed Grinder
  4906 | D:5      | Killed Grinder
  4906 | D:5      | Reached skill level 3 in Conjurations
  4906 | D:5      | Reached skill level 3 in Transmutations
  4933 | D:5      | Learned a level 5 spell: Lee's Rapid Deconstruction
  4980 | D:5      | Found an ancient bone altar of Kikubaaqudgha.
  4981 | D:5      | Found a glowing golden altar of the Shining One.
  4982 | D:5      | Found a hazy altar of Hepliaklqana.
  4982 | D:5      | Found a white marble altar of Elyvilon.
  4983 | D:5      | Found a shimmering altar of Xom.
  5004 | D:5      | Reached skill level 2 in Stealth
  5004 | D:5      | Reached skill level 5 in Spellcasting
  5350 | D:5      | Found a staircase to the Ecumenical Temple.
  5453 | Temple   | Entered the Ecumenical Temple
  5473 | Temple   | Became a worshipper of Dithmenos the Shadowed
  5597 | D:6      | Reached XP level 8. HP: 36/52 MP: 2/15
  5625 | D:6      | Reached skill level 1 in Invocations
  5745 | D:6      | HP: 2/52 [centaur/arrow (10)]
  5755 | D:6      | Reached skill level 1 in Short Blades
  5776 | D:6      | Reached skill level 6 in Earth Magic
  6045 | D:6      | Found a sacrificial altar of Ru.
  6281 | D:6      | Reached skill level 2 in Invocations
  6308 | D:6      | Reached * piety under Dithmenos
  6374 | D:6      | Found Hograi's Assorted Antiques.
  6388 | D:6      | Bought a scroll labeled CESSUBROES for 28 gold pieces
  6388 | D:6      | Bought an inky potion for 25 gold pieces
  6388 | D:6      | Bought a jewelled hat for 252 gold pieces
  6388 | D:6      | Bought a scroll labeled ZOSOUDEILU for 28 gold pieces
  6393 | D:6      | Identified the +1 hat of the Many Dreams {rPois rF+ Regen+
                  | Int-3} (You bought it in a shop on level 6 of the Dungeon)
  6437 | D:6      | You fall into a shaft and drop 3 floors!
  6442 | D:9      | Reached skill level 3 in Stealth
  6465 | D:9      | Reached skill level 4 in Transmutations
  6559 | D:8      | Reached skill level 2 in Short Blades
  6559 | D:8      | Reached skill level 3 in Invocations
  6950 | D:6      | Gained mutation: You are immune to rotting. [demonic
                  | ancestry]
  6950 | D:6      | Reached XP level 9. HP: 57/57 MP: 17/17
  7171 | D:7      | HP: 2/57 [killer bee (7)]
  7179 | D:7      | HP: 2/57 [killer bee (6)]
  7183 | D:7      | Slain by a killer bee

Levels and vault maps discovered:
D:1:      lemuel_arrival_broad_hall, layout_loops_ring,
          kennysheep_decorative_pillar
D:2:      layout_basic, lightli_temple_of_fire
D:3:      minmay_roachtagon, layout_basic, lemuel_doored_altar
D:4:      layout_gridville, okawaru_ov_weapons_minmay, first_ration
D:5:      layout_loops_corners, grunt_temple_overflow_open, lemuel_round_altar,
          lemuel_round_altar, minmay_temple_entry_poolview,
          roderic_roman_lattice, uniq_grinder, uniq_blork_the_orc
D:6:      corexii_shack_village, layout_basic,
          nicolae_ru_great_annihilating_truth, serial_shops,
          nicolae_shop_temple_entry_statues_fountains, st_stairs_8,
          minmay_misc_feat_hallway
D:7:      layout_rooms, corexii_leaking_fountain, uniq_menkaure
D:8:      minmay_evil_eye, layout_basic, slow_altar_2, uniq_erica, uniq_joseph
D:9:      layout_big_octagon, nemelex_altar_shiori, the_bakery
Temple:   pf_slimified_temple

Skill      XL: |  1  2  3  4  5  6  7  8 |
---------------+-------------------------+-----
Earth Magic    | 3 4 5 6 |  6.7
Spellcasting   | 3 4 5 |  5.7
Transmutations | 1 2 3 4 |  4.2
Conjurations   | 1 2 3 |  3.2
Stealth        | 2 3 |  3.5
Invocations    | 3 |  3.3
Short Blades   | 2 |  2.3
Dodging        | |  1.7

Action                   |  1- 3 |  4- 6 |  7- 9 || total
-------------------------+-------+-------+-------++-------
Melee: Short sword       |    15 |       |       ||    15
       Dagger            |    79 |   144 |   311 ||   534
Throw: Dart              |       |     6 |     5 ||    11
 Cast: Sandblast         |    14 |    30 |    50 ||    94
       Petrify           |       |       |     9 ||     9
       Passwall          |       |       |     1 ||     1
       Stone Arrow       |       |       |     1 ||     1
  Use: Scroll            |       |     4 |     8 ||    12
       Potion            |       |       |     5 ||     5
 Stab: Sleeping          |     4 |     5 |     7 ||    16
       Petrified         |       |       |    38 ||    38
       Distracted        |       |       |     1 ||     1
  Eat: Chunk             |     3 |     7 |     8 ||    18
       Ration            |       |       |     1 ||     1
Armor: Robe              |    18 |    36 |    75 ||   129
Dodge: Dodged            |    72 |    72 |   163 ||   307
Block: Buckler           |     4 |    29 |    42 ||    75

Table legend:
 A = Non-vault XP
 B = Vault XP
 C = Vault XP percentage of total XP
 D = Non-vault monster count
 E = Vault monster count
 F = Vault count percentage of total count
                 A         B        C        D         E       F
            +---------+---------+-------+---------+---------+-------
      Total |    2469 |     553 |  18.3 |     116 |      22 |  15.9
            +---------+---------+-------+---------+---------+-------
        D:1 |      27 |       0 |   0.0 |      16 |       0 |   0.0
        D:2 |      70 |       0 |   0.0 |      15 |       0 |   0.0
        D:3 |      88 |      24 |  21.4 |      18 |      12 |  40.0
        D:4 |      75 |       0 |   0.0 |       6 |       0 |   0.0
        D:5 |     694 |     376 |  35.1 |      20 |       2 |   9.1
        D:6 |     684 |     153 |  18.3 |      22 |       8 |  26.7
        D:7 |     226 |       0 |   0.0 |       9 |       0 |   0.0
        D:8 |     443 |       0 |   0.0 |       8 |       0 |   0.0
        D:9 |     162 |       0 |   0.0 |       2 |       0 |   0.0
            +---------+---------+-------+---------+---------+-------
